 Dungeon Crawl Stone Soup version 0.30-a0-867-g305f33218d (webtiles) character file.

Game seed: 7697482574951348944

1309 howech the Sneak (level 8, -3/46 HPs)
             Began as an Octopode Enchanter on Mar 10, 2023.
             Slain by a gnoll
             ... wielding a +0 spear
             ... led by a gnoll bouda
              (5 damage)
             ... on level 6 of the Dungeon.
             The game lasted 00:19:16 (4838 turns).

howech the Sneak (Octopode Enchanter)               Turns: 4838, Time: 00:19:17

Health: -3/46      AC:  1    Str:  7    XL:     8   Next: 58%
Magic:  5/13       EV: 14    Int: 19    God:
Gold:   295        SH:  0    Dex: 13    Spells: 9/13 levels left

rFire   . . .      SeeInvis .    a - +1 dagger (speed)
rCold   . . .      Faith    .    (no shield)
rNeg    . . .      Spirit   .    (helmet restricted)
rPois   .          Reflect  .    (no amulet)
rElec   .          Rampage  .    (no ring)
rCorr   .                        (no ring)
Will    .....                    (no ring)
Stlth   ++++                     (no ring)
HPRegen 0.27/turn                (no ring)
MPRegen 0.13/turn                (no ring)
                                 (no ring)
                                 (no ring)

@: invisible
A: almost no armour, amphibious, 8 rings, camouflage 1, gelatinous body 1,
(nimble swimmer 1), tentacles
a: no special abilities


You were on level 6 of the Dungeon.
You visited 1 branch of the dungeon, and saw 8 of its levels.
You also visited: Sewer.

You collected 295 gold pieces.

Inventory:

Hand Weapons
 a - a +1 dagger of speed (weapon)
 h - a +1 dagger of flaming
Missiles
 e - 17 poisoned darts
Jewellery
 s - an amulet of magic regeneration
Wands
 n - a wand of polymorph (3)
 r - a wand of flame (13)
Scrolls
 c - 5 scrolls of butterflies
 j - a scroll of enchant armour
 o - 2 scrolls of teleportation
Potions
 d - 3 potions of magic
 f - a potion of berserk rage {unknown}
 i - 3 potions of attraction
 k - a potion of mutation
 l - a potion of degeneration {unknown}
 m - a potion of flight {unknown}
 p - a potion of brilliance {unknown}


   Skills:
 + Level 3.0 Short Blades
 + Level 3.3 Dodging
 * Level 7.3 Stealth
 + Level 3.3 Spellcasting
 + Level 2.3 Conjurations
 * Level 5.0 Hexes
 + Level 2.6 Fire Magic
 + Level 2.6 Ice Magic
 + Level 2.5 Air Magic
 + Level 2.4 Earth Magic


You had 9 spell levels left.
You knew the following spells:

 Your Spells              Type           Power      Damage    Failure   Level
a - Ensorcelled Hibernat  Hex/Ice        34%        N/A       4%          2
b - Foxfire               Conj/Fire      48%        2x1d6     5%          1
c - Shock                 Conj/Air       48%        1d6       5%          1

Your spell library contained the following spells:

 Spells                   Type           Power      Damage    Failure   Level
 Freeze                   Ice            52%        1d6       4%          1
 Confusing Touch          Hex            22%        N/A       5%          3
 Tukima's Dance           Hex            22%        N/A       5%          3
 Static Discharge         Conj/Air       24%        2-3/arc   9%          2
 Dazzling Flash           Conj/Hex       34%        N/A       10%         3
 Frozen Ramparts          Ice            26%        1d4       14%         3
 Hailstorm                Conj/Ice       12%        3d5       16%         3
 Portal Projectile        Hex/Tloc       24%        N/A       16%         3
 Swiftness                Air            12%        N/A       16%         3
 Sublimation of Blood     Necr           3%         N/A       22%         2
 Vhi's Electric Charge    Tloc/Air       14%        N/A       26%         3
 Leda's Liquefaction      Hex/Erth       8%         N/A       32%         4
 Call Canine Familiar     Summ           3%         N/A       41%         3
 Vampiric Draining        Necr           3%         2d6       41%         3
 Airstrike                Air            6%         2d(1-17)  45%         4
 Dispel Undead            Necr           3%         3d7       82%         4
 Arcjolt                  Conj/Air       6%         1d16      83%         5
 Fireball                 Conj/Fire      6%         3d5       83%         5
 Lightning Bolt           Conj/Air       6%         1d18      83%         5
 Starburst                Conj/Fire      6%         6d4       100%        6


Dungeon Overview and Level Annotations

Branches:
Dungeon (8/15)              Sewer (visited)
 Temple: D:4-7         Lair: D:8-11

Altars:
Dithmenos
Nemelex Xobeh
Wu Jian
Yredelemnul

Annotations:
D:3 1 runed translucent door, nooxmaroon's ghost, amateur MiBe


Innate Abilities, Weirdness & Mutations

You cannot wear most types of armour.
You are amphibious.
You can wear up to eight rings at the same time.
Your skin changes colour to match your surroundings (Stealth+).
Your rubbery body absorbs attacks. (AC +1, EV +1)
((You are camouflaged when in or above water. (Stealth+)))
You have tentacles for arms and can constrict up to eight enemies at once.


Message History

The gnoll is unaffected.
Your attacks no longer feel as feeble.
The gnoll closely misses you.
You closely miss the gnoll. You grab the gnoll.
The gnoll is heavily wounded.
You constrict the gnoll, but do no damage.
The gnoll barely misses you.
You hit the gnoll.
You squeeze the gnoll, but do no damage.
The gnoll is severely wounded.
You constrict the gnoll, but do no damage.
The gnoll hits you from afar with a +0 spear.
You hit the gnoll but do no damage. You squeeze the gnoll.
The gnoll is severely wounded.
You constrict the gnoll. The gnoll hits you with a +0 flail!
* * * LOW HITPOINT WARNING * * *
Unknown command.
You release your grip on the gnoll.
The gnoll attacks as you move away! The gnoll misses you.
The gnoll is no longer moving quickly.
The gnoll attacks as you move away! The gnoll hits you with a +0 flail!
* * * LOW HITPOINT WARNING * * *
The gnoll misses you.
You feel better.
The gnoll is no longer moving quickly.
The gnoll hits you from afar with a +0 spear!
* * * LOW HITPOINT WARNING * * *
The gnoll hits you with a +0 flail.
* * * LOW HITPOINT WARNING * * *
Okay, then.
You fade into invisibility!
The gnoll closely misses you. x2
You barely miss the gnoll. You grab the gnoll.
You squeeze the gnoll, but do no damage.
The gnoll is almost dead.
You constrict the gnoll. The gnoll barely misses you.
You hit the gnoll.
You kill the gnoll!
You hit the gnoll. Your grab misses the gnoll.
The gnoll is lightly wounded.
The gnoll hits you with a +0 spear.
You die...

©## ##.....g.g...## ..
######...g...## .#
######)..##### .#
##.†......# .##
##)...##.... ..###
##.)..## ..# #...##
###....##.. .. ##...###
##.g......... ###...###
##..@.........
###...####.)......##....
#...#..<.....###### #...
#........##### ##.
#........# #........#
#........# ##......##
#......#


You could see a gnoll (unable to see you).

Vanquished Creatures
  A yak (D:5)
  2 water moccasins
  Pargi (D:4)
  An ogre (D:5)
  A bullfrog (Sewer)
  2 scorpions (D:5)
  3 howler monkeys
  A hound (D:6)
  A gnoll bouda (D:6)
  2 sleepcaps (D:6)
  3 iguanas (D:5)
  Robin (D:4)
  4 gnolls
  12 adders
  A worm (D:3)
  4 dart slugs
  2 orcs (D:4)
  7 bats
  13 endoplasms
  11 giant cockroaches
  14 goblins
  11 hobgoblins
  2 jackals (D:1)
  14 quokkas
  11 ball pythons
  13 frilled lizards
  5 kobolds
  4 rats
147 creatures vanquished.

Vanquished Creatures (others)
  35 foxfires
35 creatures vanquished.

Grand Total: 182 creatures vanquished

Notes
Turn   | Place    | Note
-------+----------+-------------------------------------------
     0 | D:1      | howech the Octopode Enchanter began the quest for the Orb.
     0 | D:1      | Reached XP level 1. HP: 11/11 MP: 3/3
   102 | D:1      | Reached XP level 2. HP: 17/17 MP: 5/5
   109 | D:1      | Learned a level 2 spell: Ensorcelled Hibernation
   207 | D:1      | Reached XP level 3. HP: 21/21 MP: 6/6
   745 | D:2      | Reached XP level 4. HP: 27/27 MP: 7/7
  1091 | D:3      | Found a runed translucent door.
  1091 | D:3      | Noticed nooxmaroon's ghost (amateur MiBe)
  1112 | D:3      | Identified the +5 war axe of Dawn {speed, rF+ Int+3}
  1237 | D:3      | Found a glowing drain.
  1264 | D:3      | Reached skill level 5 in Stealth
  1271 | D:3      | Reached skill level 1 in Conjurations
  1271 | D:3      | Reached skill level 1 in Ice Magic
  1271 | D:3      | Reached XP level 5. HP: 18/31 MP: 2/8
  1272 | D:3      | Reached skill level 1 in Fire Magic
  1278 | Sewer    | Entered a sewer
  1393 | Sewer    | Reached skill level 1 in Earth Magic
  1921 | Sewer    | Reached skill level 1 in Air Magic
  1921 | Sewer    | Reached XP level 6. HP: 28/36 MP: 9/9
  2013 | D:3      | Found a sparkling altar of Nemelex Xobeh.
  2014 | D:3      | Found a shadowy altar of Dithmenos.
  2014 | D:3      | Found an ornate altar of the Wu Jian Council.
  2014 | D:3      | Found a basalt altar of Yredelemnul.
  2455 | D:3      | Learned a level 1 spell: Foxfire
  2639 | D:4      | Noticed Pargi
  2675 | D:4      | Killed Pargi
  2969 | D:4      | Noticed Robin
  2980 | D:4      | Killed Robin
  3179 | D:4      | Identified the +3 leather armour of Generosity {Str+3}
  3381 | D:4      | Identified a scroll of acquirement
  3381 | D:4      | Acquired Sif Muna's Secrets of Unhallowed Rites and the
                  | Squall
  3448 | D:5      | Entered Level 5 of the Dungeon
  3491 | D:5      | Reached skill level 6 in Stealth
  3491 | D:5      | Reached XP level 7. HP: 37/41 MP: 2/11
  3642 | D:5      | You fall into a shaft and drop 3 floors!
  3715 | D:6      | Noticed a yak
  3716 | D:6      | Noticed a yak
  3980 | D:5      | Reached XP level 8. HP: 30/46 MP: 3/12
  4330 | D:5      | Learned a level 1 spell: Shock
  4684 | D:6      | Noticed a yak
  4684 | D:6      | Noticed a yak
  4691 | D:5      | Killed a yak
  4692 | D:5      | Reached skill level 7 in Stealth
  4823 | D:6      | Reached skill level 5 in Hexes
  4828 | D:6      | HP: 2/46 [gnoll/+0 flail[a gnoll bouda] (9)]
  4838 | D:6      | Slain by a gnoll

Illustrated notes

Levels and vault maps discovered:
D:1:      dpeg_arrival_rhombus, layout_rooms, chequers_serial_rivers_large_b
D:2:      layout_rooms
D:3:      layout_basic, chequers_temple_overflow_statue_of_worship,
          gup_sewer_entry_glass, gammafunk_ghost_grave, item_on_display_a
D:4:      layout_basic, uniq_pargi, uniq_robin
D:5:      layout_gridville, minmay_puff
D:6:      layout_cave_pods, gammafunk_ghost_stat_death, uniq_eustachio
D:7:      layout_basic, minmay_temple_entry_hall, roderic_roman_lattice,
          minmay_misc_feat_columns, uniq_crazy_yiuf_cottage
D:8:      layout_loops_ring, makhleb_altar_promises_db,
          mainiacjoe_overflow_six_doors_small, mainiacjoe_overflow_divided_tiny,
          special_room [special_room_orc], minivault_11, glass_columns_a

Skill      XL: |  1  2  3  4  5  6  7  8 |
---------------+-------------------------+-----
Stealth        | 5 6 7 |  7.3
Conjurations   | 1 2 |  2.3
Ice Magic      | 1 2 |  2.6
Fire Magic     | 1 2 |  2.6
Earth Magic    | 1 2 |  2.4
Short Blades   | 2 3 |  3.0
Air Magic      | 1 2 |  2.5
Hexes          | 4 5 |  5.0
Dodging        | 3 |  3.3
Spellcasting   | 3 |  3.3

Action                     |  1- 3 |  4- 6 |  7- 9 || total
---------------------------+-------+-------+-------++-------
  Melee: Dagger            |    76 |   203 |    64 ||   343
         Constrict         |    15 |    33 |    12 ||    60
         Tentacles         |    15 |    38 |    16 ||    69
         Punch             |     2 |     2 |     2 ||     6
   Cast: Ensorcelled Hiber |       |     8 |    14 ||    22
         Foxfire           |       |    20 |       ||    20
         Shock             |       |       |     9 ||     9
    Use: Scroll            |     5 |    13 |       ||    18
         Potion            |       |     4 |     2 ||     6
   Stab: Sleeping          |     9 |    27 |    14 ||    50
         Invisible         |       |     2 |       ||     2
 Armour: Skin              |     5 |    10 |     1 ||    16
  Dodge: Dodged            |    28 |    94 |    32 ||   154

Table legend: (Time is in decaauts)
 A = Elapsed time spent in this place.
 B = Non-inter-level travel time spent in this place.
 C = Inter-level travel time spent in this place.
 D = Time resting spent in this place.
 E = Time spent auto-exploring this place.
 F = Levels seen in this place.
 G = Mean time per level.
                   A        B        C        D        E       F      G
               +--------+--------+--------+--------+--------+-----+--------+
         Total |   4688 |   4562 |    126 |    879 |   2610 |   9 |  520.9 |
       Dungeon |   4006 |   3880 |    126 |    438 |   2537 |   8 |  500.8 |
         Sewer |    682 |    682 |      0 |    441 |     73 |   1 |  682.0 |
               +--------+--------+--------+--------+--------+-----+--------+

Top non-repeatable levels by time:
     D:5: 1153 daAuts
     D:4: 956 daAuts
   Sewer: 682 daAuts
     D:3: 661 daAuts
     D:2: 572 daAuts
     D:1: 456 daAuts
     D:6: 154 daAuts
     D:7: 41 daAuts
     D:8: 9 daAuts
